PBL
MADISON BREWERS @ TIJUANA TOROS
08/08/2047
 
TOP OF THE 1ST
Madison Brewers batting - Pitching for Tijuana Toros : RHP Loc Pham
Pitching: RHP Loc Pham
Batting: LHB Andy Buschlen 0-0: Ball
1-0: Called Strike
1-1: Ball
2-1: SINGLE (Line Drive, 5D, EV 95.6 MPH)
Batting: RHB Mario Lopez 0-0: Foul Ball, location: 2F
0-1: Foul Ball, location: 2F
0-2: Ball
1-2: Reached on error, E5 (Groundball, 5, EV 93.8 MPH)
Andy Buschlen to second
Batting: LHB Bill Kovac 0-0: SINGLE (Line Drive, 9LS, EV 105.0 MPH)
Andy Buschlen to third
Mario Lopez to second
Batting: LHB Tony Hasbun 0-0: Ball
1-0: Fly out, F7 (Line Drive, 7, EV 108.1 MPH)
Runner from 3rd tags up, SCORES, throw by LF
Batting: RHB Xiao-shuang Au 0-0: Called Strike
0-1: Foul Ball, location: 2F
0-2: Ball
1-2: Ball
2-2: Fly out, F9 (Flyball, 9D, EV 105.0 MPH)
Runner from 2nd tags up, SAFE at 3rd, no throw by RF
Batting: RHB Fernando Mejia 0-0: Swinging Strike
0-1: 3-RUN HOME RUN (Flyball, 7D, EV 105.6 MPH), Distance : 418 ft
Batting: RHB Adam Angeles 0-0: Fly out, F8 (Flyball, 8LD, EV 103.1 MPH)
Top of the 1st over - 4 runs, 3 hits, 1 error, 0 left on base; Madison 4 - Tijuana 0
BOTTOM OF THE 1ST
Tijuana Toros batting - Pitching for Madison Brewers : LHP Gil Sanchez
Pitching: LHP Gil Sanchez
Batting: RHB Adam Maczko 0-0: Ball
1-0: Called Strike
1-1: Ball
2-1: Fly out, F8 (Flyball, 78M, EV 90.0 MPH)
Batting: RHB Carlos Gonzalez 0-0: Foul Ball, location: 2F
0-1: Swinging Strike
0-2: Fly out, F8 (Line Drive, 8RM, EV 102.5 MPH)
Batting: RHB John Hanson 0-0: Foul Ball, location: 2F
0-1: Ball
1-1: Ball
2-1: Ball
3-1: Fly out, F7 (Flyball, 7D, EV 105.6 MPH)
Bottom of the 1st over - 0 runs, 0 hits, 0 errors, 0 left on base; Madison 4 - Tijuana 0
TOP OF THE 2ND
Madison Brewers batting - Pitching for Tijuana Toros : RHP Loc Pham
Batting: RHB Gil Sanchez 0-0: Ball
1-0: Ball
2-0: Called Strike
2-1: Foul Ball, location: 2F
2-2: Fly out, F8 (Line Drive, 8RD, EV 85.6 MPH)
Batting: RHB Malcolm McCauley 0-0: Ball
1-0: Called Strike
1-1: Called Strike
1-2: Hit by Pitch
Batting: LHB Andy Buschlen 0-0: Called Strike
0-1: Foul Ball, location: 2F
0-2: Strikes out swinging
Batting: RHB Mario Lopez 0-0: Called Strike
0-1: Ball
1-1: Called Strike
Malcolm McCauley steals 2nd, throwing error, E2
Malcolm McCauley to third
1-2: Fly out, F9 (Line Drive, 9, EV 88.1 MPH)
Top of the 2nd over - 0 runs, 0 hits, 1 error, 1 left on base; Madison 4 - Tijuana 0
BOTTOM OF THE 2ND
Tijuana Toros batting - Pitching for Madison Brewers : LHP Gil Sanchez
Batting: RHB Felipe Rivera 0-0: Ball
1-0: Ball
2-0: Called Strike
2-1: Called Strike
2-2: Strikes out swinging
Batting: SHB Alex Noval 0-0: Ground out 4-3 (Groundball, 34, EV 103.8 MPH)
Batting: RHB Alex Diaz 0-0: Called Strike
0-1: Called Strike
0-2: Ball
1-2: SINGLE (Line Drive, 78M, EV 98.1 MPH)
Batting: SHB Erick Hamburger 0-0: Fly out, F7 (Flyball, 78M, EV 93.1 MPH)
Bottom of the 2nd over - 0 runs, 1 hit, 0 errors, 1 left on base; Madison 4 - Tijuana 0
TOP OF THE 3RD
Madison Brewers batting - Pitching for Tijuana Toros : RHP Loc Pham
Batting: LHB Bill Kovac 0-0: Ball
1-0: Called Strike
1-1: Swinging Strike
1-2: Ball
2-2: Foul Ball, location: 2F
2-2: Ball
3-2: Foul Ball, location: 2F
3-2: Strikes out swinging
Batting: LHB Tony Hasbun 0-0: Ball
1-0: Ball
2-0: Foul Ball, location: 2F
2-1: DOUBLE (Flyball, 89XD, EV 102.5 MPH)
Batting: RHB Xiao-shuang Au 0-0: Ball
1-0: Ball
2-0: Ground out 5-3 (Groundball, 5, EV 90.6 MPH)
Batting: RHB Fernando Mejia 0-0: Ball
1-0: Ball
2-0: Fly out, F8 (Flyball, 8RM, EV 93.8 MPH)
Top of the 3rd over - 0 runs, 1 hit, 0 errors, 1 left on base; Madison 4 - Tijuana 0
BOTTOM OF THE 3RD
Tijuana Toros batting - Pitching for Madison Brewers : LHP Gil Sanchez
Batting: RHB Mario Diaz 0-0: Called Strike
0-1: Foul Ball, location: 2F
0-2: SINGLE (Groundball, 6MD, EV 98.1 MPH)
Batting: RHB Guillermo Puente 0-0: Foul Ball, location: 2F
0-1: Swinging Strike
0-2: Ball
1-2: Strikes out swinging
Batting: RHB Adam Maczko 0-0: Swinging Strike
0-1: Ball
1-1: SINGLE (Flyball, 89S, EV 85.6 MPH)
Mario Diaz to second
Batting: RHB Carlos Gonzalez 0-0: Foul Ball, location: 2F
0-1: Ball
1-1: SINGLE (Groundball, 6MD, EV 94.4 MPH)
Mario Diaz to third
Adam Maczko to second
Batting: RHB John Hanson 0-0: Ball
1-0: Grounds into double play, 5-4-3 (Groundball, 56, EV 93.1 MPH)
Bottom of the 3rd over - 0 runs, 3 hits, 0 errors, 2 left on base; Madison 4 - Tijuana 0
TOP OF THE 4TH
Madison Brewers batting - Pitching for Tijuana Toros : RHP Loc Pham
Batting: RHB Adam Angeles 0-0: Ball
1-0: Ground out 6-3 (Groundball, 6, EV 103.1 MPH)
Batting: RHB Gil Sanchez 0-0: SINGLE (Line Drive, 8RS, EV 106.9 MPH)
Batting: RHB Malcolm McCauley 0-0: Ball
1-0: Called Strike
1-1: SINGLE (Line Drive, 7S, EV 90.6 MPH)
Gil Sanchez to second
Batting: LHB Andy Buschlen 0-0: Called Strike
0-1: Swinging Strike
0-2: Ball
1-2: SINGLE (Line Drive, 8RS, EV 96.9 MPH)
Gil Sanchez to third
Malcolm McCauley to second
Batting: RHB Mario Lopez 0-0: Called Strike
0-1: Called Strike
0-2: Ball
1-2: Ball
2-2: Foul Ball, location: 2F
2-2: Ball
3-2: Base on Balls
Gil Sanchez scores
Malcolm McCauley to third
Andy Buschlen to second
Batting: LHB Bill Kovac 0-0: Called Strike
0-1: Ball
1-1: Ball
2-1: Fly out, F8 (Flyball, 78M, EV 81.9 MPH)
Runner from 3rd tags up, SCORES, no throw by CF
Batting: LHB Tony Hasbun 0-0: Ball
1-0: Fly out, F8 (Flyball, 8LS, EV 92.5 MPH)
Top of the 4th over - 2 runs, 3 hits, 0 errors, 2 left on base; Madison 6 - Tijuana 0
BOTTOM OF THE 4TH
Tijuana Toros batting - Pitching for Madison Brewers : LHP Gil Sanchez
Batting: RHB Felipe Rivera 0-0: Ball
1-0: Swinging Strike
1-1: Ground out 1-3 (Groundball, P, EV 67.5 MPH)
Batting: SHB Alex Noval 0-0: Ball
1-0: Swinging Strike
1-1: Ball
2-1: SINGLE (Line Drive, 6M, EV 98.8 MPH)
Batting: RHB Alex Diaz 0-0: Called Strike
0-1: Fly out, F8 (Flyball, 78D, EV 90.6 MPH)
Batting: SHB Erick Hamburger 0-0: Ball
1-0: Ground out 4-3 (Groundball, 34, EV 86.9 MPH)
Bottom of the 4th over - 0 runs, 1 hit, 0 errors, 1 left on base; Madison 6 - Tijuana 0
TOP OF THE 5TH
Madison Brewers batting - Pitching for Tijuana Toros : RHP Loc Pham
Batting: RHB Xiao-shuang Au 0-0: Called Strike
0-1: Ball
1-1: Swinging Strike
1-2: Strikes out swinging
Batting: RHB Fernando Mejia 0-0: Fly out, F9 (Flyball, 9, EV 85.6 MPH)
Batting: RHB Adam Angeles 0-0: Ball
1-0: Ball
2-0: Fly out, F7 (Flyball, 7D, EV 90.0 MPH)
Top of the 5th over - 0 runs, 0 hits, 0 errors, 0 left on base; Madison 6 - Tijuana 0
BOTTOM OF THE 5TH
Tijuana Toros batting - Pitching for Madison Brewers : LHP Gil Sanchez
Batting: RHB Mario Diaz 0-0: Fly out, F8 (Line Drive, 8LD, EV 90.6 MPH)
Batting: RHB Guillermo Puente 0-0: Ball
1-0: Ball
2-0: Ball
3-0: Base on Balls
Batting: RHB Adam Maczko 0-0: Foul Ball, location: 2F
0-1: Fly out, F8 (Flyball, 8RXD, EV 106.9 MPH)
Batting: RHB Carlos Gonzalez 0-0: Ball
1-0: Foul Ball, location: 2F
1-1: Ball
2-1: Foul Ball, location: 2F
2-2: Ball
3-2: Foul Ball, location: 2F
3-2: SINGLE (Groundball, 6MD, EV 101.2 MPH)
Guillermo Puente to second
Guillermo Puente to third
Batting: RHB John Hanson 0-0: Ball
1-0: Ball
2-0: Fly out, F9 (Flyball, 9D, EV 84.4 MPH)
Bottom of the 5th over - 0 runs, 1 hit, 0 errors, 2 left on base; Madison 6 - Tijuana 0
TOP OF THE 6TH
Madison Brewers batting - Pitching for Tijuana Toros : RHP Loc Pham
Batting: RHB Gil Sanchez 0-0: Ball
1-0: Fly out, F8 (Flyball, 8LD, EV 80.6 MPH)
Batting: RHB Malcolm McCauley 0-0: Called Strike
0-1: SINGLE (Line Drive, 56D, EV 98.1 MPH)
Batting: LHB Andy Buschlen 0-0: Ball
1-0: Ball
2-0: Called Strike
2-1: Fly out, F6 (Popup, 15, EV 79.4 MPH)
Batting: RHB Mario Lopez 0-0: Ball
1-0: Ground out 4-3 (Groundball, 4, EV 88.8 MPH)
Top of the 6th over - 0 runs, 1 hit, 0 errors, 1 left on base; Madison 6 - Tijuana 0
BOTTOM OF THE 6TH
Tijuana Toros batting - Pitching for Madison Brewers : LHP Gil Sanchez
Batting: RHB Felipe Rivera 0-0: Called Strike
0-1: SINGLE (Flyball, 89S, EV 94.4 MPH)
Batting: SHB Alex Noval 0-0: Ball
1-0: SINGLE (Groundball, 25, EV 72.5 MPH) (infield hit)
Felipe Rivera to second
Batting: RHB Alex Diaz 0-0: Ball
1-0: Called Strike
1-1: Foul Ball, location: 2F
1-2: Grounds into double play, 5-4-3 (Groundball, 56, EV 76.2 MPH)
Felipe Rivera to third
Batting: SHB Erick Hamburger 0-0: Ball
1-0: Ground out 4-3 (Groundball, 4S, EV 91.9 MPH)
Bottom of the 6th over - 0 runs, 2 hits, 0 errors, 1 left on base; Madison 6 - Tijuana 0
TOP OF THE 7TH
Madison Brewers batting - Pitching for Tijuana Toros : RHP Loc Pham
Batting: LHB Bill Kovac 0-0: Ball
1-0: Swinging Strike
1-1: Swinging Strike
1-2: Ball
2-2: Foul Ball, location: 2F
2-2: Foul Ball, location: 2F
2-2: DOUBLE (Line Drive, 78XD, EV 102.5 MPH)
Batting: LHB Tony Hasbun 0-0: Ball
1-0: Ball
2-0: Foul Ball, location: 2F
2-1: Ground out 4-3 (Groundball, 4, EV 90.6 MPH)
Bill Kovac to third
Batting: RHB Xiao-shuang Au 0-0: Foul Ball, location: 2F
0-1: Foul Ball, location: 2F
0-2: 2-RUN HOME RUN (Flyball, 9LD, EV 93.1 MPH), Distance : 349 ft
Pitching: RHP Bart Bell
Pinch Hitting: RHB Troy Morin 0-0: Ball
1-0: DOUBLE (Line Drive, 7LS, EV 94.4 MPH)
Batting: RHB Adam Angeles 0-0: Called Strike
0-1: Fly out, F9 (Flyball, 9, EV 91.2 MPH)
Runner from 2nd tags up, SAFE at 3rd with throw by RF
Batting: RHB Gil Sanchez 0-0: SINGLE (Line Drive, 89S, EV 92.5 MPH)
Troy Morin scores
Pinch Hitting: RHB Tristan Smeets 0-0: Ball
1-0: Ball
2-0: Foul Ball, location: 2F
2-1: Ground out 4-3 (Groundball, 4, EV 108.1 MPH)
Top of the 7th over - 3 runs, 4 hits, 0 errors, 1 left on base; Madison 9 - Tijuana 0
BOTTOM OF THE 7TH
Tijuana Toros batting - Pitching for Madison Brewers : LHP Gil Sanchez
Pitching: LHP Juan Gonzalez
Now at 2B: Troy Morin
Now at SS: Tony Hasbun
Now in CF: Andy Buschlen
Now in RF: Edwin Vasquez
Batting: RHB Mario Diaz 0-0: Ball
1-0: Called Strike
1-1: Ball
2-1: Swinging Strike
2-2: Foul Ball, location: 2F
2-2: SINGLE (Flyball, 6D, EV 92.5 MPH)
Batting: RHB Guillermo Puente 0-0: Called Strike
0-1: Foul Ball, location: 2F
0-2: Strikes out swinging
Batting: RHB Adam Maczko 0-0: Fly out, F9 (Flyball, 9S, EV 85.0 MPH)
Pinch Hitting: SHB Luis Diaz 0-0: Swinging Strike
0-1: Ball
1-1: Ball
2-1: Ball
3-1: Base on Balls
Mario Diaz to second
Batting: RHB John Hanson 0-0: Ball
1-0: Ball
2-0: DOUBLE (Line Drive, 89D, EV 108.8 MPH)
Mario Diaz scores
Luis Diaz to third
Runner from 3rd tries for Home, SAFE, throw by RF to home
Batting: RHB Felipe Rivera 0-0: Swinging Strike
0-1: Swinging Strike
0-2: Ball
1-2: Strikes out looking
Bottom of the 7th over - 2 runs, 2 hits, 0 errors, 1 left on base; Madison 9 - Tijuana 2
TOP OF THE 8TH
Madison Brewers batting - Pitching for Tijuana Toros : RHP Bart Bell
Now at 1B: Jose Diaz
Batting: LHB Andy Buschlen 0-0: Ball
1-0: Ball
2-0: Ball
3-0: Called Strike
3-1: Base on Balls
Pinch Hitting: RHB Jordan Dugue 0-0: Foul Ball, location: 2F
0-1: Called Strike
0-2: Ball
1-2: Strikes out swinging
Batting: LHB Bill Kovac 0-0: Ball
1-0: Swinging Strike
1-1: Foul Ball, location: 2F
1-2: Fielders Choice at 2nd, 6-4 (Groundball, 6, EV 88.1 MPH)
Batting: LHB Tony Hasbun 0-0: Called Strike
0-1: Ball
Wild Pitch!
Bill Kovac to second
1-1: Ball
2-1: SINGLE (Groundball, 34S, EV 66.2 MPH) (infield hit)
Bill Kovac to third
Batting: RHB Xiao-shuang Au 0-0: Ball
1-0: Foul Ball, location: 2F
1-1: Ball
2-1: Ground out 6-3 (Groundball, 6MS, EV 88.8 MPH)
Top of the 8th over - 0 runs, 1 hit, 0 errors, 2 left on base; Madison 9 - Tijuana 2
BOTTOM OF THE 8TH
Tijuana Toros batting - Pitching for Madison Brewers : LHP Juan Gonzalez
Now at 1B: Austin Sweetman
Batting: SHB Alex Noval 0-0: Called Strike
0-1: Swinging Strike
0-2: Ball
1-2: Strikes out swinging
Pinch Hitting: SHB Javy Franco 0-0: DOUBLE (Line Drive, 89D, EV 109.4 MPH) - OUT at third base trying to stretch hit.
Pinch Hitting: RHB Djoka Subasic 0-0: Called Strike
0-1: Hit by Pitch
Batting: RHB Mario Diaz 0-0: Ball
1-0: Ball
2-0: Ball
3-0: Called Strike
3-1: Called Strike
3-2: Foul Ball, location: 2F
3-2: Strikes out swinging
Bottom of the 8th over - 0 runs, 1 hit, 0 errors, 1 left on base; Madison 9 - Tijuana 2
TOP OF THE 9TH
Madison Brewers batting - Pitching for Tijuana Toros : RHP Bart Bell
Now at 2B: Javy Franco
Now at SS: Mario Diaz
Now in RF: Tan-ming Kwan
Pinch Hitting: LHB Fumito Sakurai 0-0: Called Strike
0-1: Ball
1-1: Ball
2-1: Called Strike
2-2: Strikes out swinging
Pinch Hitting: RHB Dustin Pryor 0-0: Swinging Strike
0-1: Ball
1-1: Ball
2-1: Foul Ball, location: 2F
2-2: Ball
3-2: Ground out 6-3 (Groundball, 56, EV 106.9 MPH)
Batting: LHB Alex Chairez 0-0: Foul Ball, location: 2F
0-1: DOUBLE (Groundball, 3L, EV 101.2 MPH)
Pitching: RHP Mike Barnhill
Pinch Hitting: RHB Frank Pena 0-0: Called Strike
0-1: Foul Ball, location: 2F
0-2: Ball
1-2: Ball
2-2: Ground out 6-3 (Groundball, 6, EV 88.1 MPH)
Top of the 9th over - 0 runs, 1 hit, 0 errors, 1 left on base; Madison 9 - Tijuana 2
BOTTOM OF THE 9TH
Tijuana Toros batting - Pitching for Madison Brewers : LHP Juan Gonzalez
Now at C: Frank Pena
Now at 2B: Tony Hasbun
Now at SS: Lorenzo Diaz
Now in RF: Fumito Sakurai
Pinch Hitting: RHB Guo Kwok 0-0: Called Strike
0-1: Ball
1-1: Foul Ball, location: 2F
1-2: Foul Ball, location: 2F
1-2: SINGLE (Line Drive, 6, EV 95.6 MPH)
Batting: RHB Adam Maczko 0-0: Ball
1-0: Foul Ball, location: 2F
1-1: Foul Ball, location: 2F
1-2: Ground out 5-3 (Groundball, 56S, EV 76.9 MPH)
Guo Kwok to second
Batting: LHB Jose Diaz 0-0: Ball
1-0: Ball
2-0: Ball
3-0: Called Strike
3-1: Swinging Strike
3-2: Strikes out swinging
Batting: RHB John Hanson 0-0: Ball
1-0: Called Strike
1-1: Swinging Strike
1-2: Ball
2-2: Strikes out swinging
Bottom of the 9th over - 0 runs, 1 hit, 0 errors, 1 left on base; Madison 9 - Tijuana 2
Thursday, December 15th , 2022 - OOTP Baseball 23.9 Build 102